Map: Jagannatha LE

Players

DPGZest (Zest) - Winner!

  • Race: Protoss Protoss

Armani

  • Race: Zerg Zerg
  • League: Master

Event: TSL 7

VOD

Have the link to the VOD?

Description

Time

  • Played on: June 12, 2021, 12:26 p.m.
  • Length: 7:18

All games in this series

Show
View Real Time Build Order
Export as new Build Order

DPGZest Protoss - Winner!

Build Orders: 1 Gate Expand, Oracle Opening 

Get SALT Encoding   

  12  0:00  Probe  
  13  0:12  Probe  
  14  0:20  Pylon  
  14  0:24  Probe  
  15  0:38  Probe (Chrono Boost)  
  15  0:40  Gateway  
  16  0:47  Probe (Chrono Boost)  
  17  0:51  Assimilator  
  17  0:52  Probe (Chrono Boost)  
  18  1:04  Probe  
  19  1:16  Probe  
  20  1:26  Nexus  
  20  1:36  Cybernetics Core  
  21  1:40  Probe  
  21  1:46  Assimilator  
  21  1:52  Probe  
  22  1:55  Pylon  
  22  2:04  Probe (Chrono Boost)  
  23  2:15  Probe (Chrono Boost), Adept  
  26  2:18  Stargate  
  26  2:20  Probe (Chrono Boost)  
  27  2:26  Warp Gate  
  27  2:32  Probe (Chrono Boost)  
  28  2:38  Probe (Chrono Boost)  
  30  2:45  Adept  
  30  2:47  Probe x2 (Chrono Boost)  
  33  2:52  Probe (Chrono Boost)  
  33  2:53  Void Ray (Chrono Boost)  
  33  2:54  Probe  
  35  3:04  Probe  
  40  3:06  Probe  
  40  3:11  Pylon  
  41  3:15  Gateway  
  41  3:17  Probe  
  41  3:19  Probe  
  43  3:26  Oracle (Chrono Boost)  
  43  3:30  Probe  
  43  3:31  Probe  
  48  3:42  Probe  
  48  3:43  Probe  
  50  3:50  Pylon  
  50  3:54  Probe  
  49  3:55  Probe  
  49  3:59  Assimilator  
  49  4:02  Assimilator  
  49  4:06  Probe  
  49  4:08  Nexus  
  49  4:09  Pylon, Probe  
  51  4:12  Stargate  
  51  4:17  Void Ray  
  51  4:18  Probe (Chrono Boost)  
  51  4:21  Probe (Chrono Boost)  
  57  4:30  Probe (Chrono Boost)  
  58  4:33  Probe (Chrono Boost)  
  60  4:38  Probe (Chrono Boost)  
  60  4:39  Probe (Chrono Boost)  
  60  4:41  Pylon, Forge  
  60  4:44  Probe  
  61  4:47  Probe  
  61  4:48  Protoss Air Weapons Level 1 (Chrono Boost)  
  63  4:56  Probe  
  63  4:57  Void Ray  
  63  4:58  Void Ray  
  63  4:59  Shield Battery  
  64  5:01  Probe  
  73  5:08  Probe  
  73  5:11  Adept  
  73  5:13  Probe  
  75  5:21  Probe  
  76  5:25  Probe  
  76  5:26  Probe  
  78  5:33  Probe  
  78  5:34  Void Ray x2 (Chrono Boost)  
  79  5:37  Probe  
  79  5:38  Probe  
  81  5:45  Probe  
  81  5:46  Photon Cannon  
  81  5:47  Photon Cannon  
  81  5:48  Shield Battery  
  90  5:51  Adept  
  90  5:56  Pylon, Photon Cannon  
  92  5:59  Adept, Shield Battery  
  92  6:03  Void Ray  
  88  6:06  Void Ray, Photon Cannon  
  88  6:07  Shield Battery  
  88  6:10  Pylon  
  96  6:24  Photon Cannon  
  96  6:25  Shield Battery  
  96  6:28  Probe x2  
  98  6:35  Zealot x2  
  102  6:40  Shield Battery  
  106  7:02  Zealot  
Show
View Real Time Build Order
Export as new Build Order

Armani Zerg 

Build Orders: Hatch First 

Get SALT Encoding   

  12  0:00  Drone  
  13  0:12  Overlord  
  13  0:17  Drone  
  14  0:31  Drone  
  14  0:32  Drone  
  16  0:50  Hatchery  
  16  0:52  Drone  
  16  0:55  Drone  
  17  0:58  Drone  
  18  1:04  Extractor  
  17  1:15  Spawning Pool  
  17  1:18  Drone  
  17  1:21  Drone  
  18  1:28  Drone  
  19  1:39  Drone  
  20  1:50  Drone  
  21  2:02  Overlord, Queen x2, Zergling x2  
  26  2:09  Metabolic Boost  
  26  2:12  Drone  
  27  2:16  Drone  
  27  2:22  Drone  
  29  2:24  Drone  
  30  2:38  Hatchery  
  29  2:44  Queen  
  29  2:48  Drone  
  29  2:50  Drone  
  33  2:53  Overlord  
  33  2:55  Drone  
  35  2:58  Drone  
  35  3:05  Overlord  
  35  3:06  Drone  
  36  3:13  Zergling x8  
  36  3:14  Zergling x2  
  36  3:17  Drone  
  42  3:20  Drone x2  
  42  3:26  Queen  
  46  3:31  Overlord  
  46  3:35  Overlord  
  45  3:50  Drone x4  
  45  3:52  Drone  
  45  3:53  Drone  
  45  3:55  Drone  
  50  3:56  Drone  
  50  3:57  Drone  
  50  3:59  Spore Crawler  
  50  4:01  Spore Crawler  
  50  4:03  Drone x2  
  50  4:06  Queen  
  54  4:11  Queen  
  54  4:13  Drone  
  57  4:18  Drone  
  57  4:23  Overlord  
  58  4:28  Drone x4  
  58  4:30  Roach Warren  
  58  4:31  Extractor x2  
  60  4:36  Spore Crawler  
  58  4:41  Drone x3  
  61  4:48  Queen  
  63  4:55  Overlord x2  
  63  4:57  Zergling x14  
  70  5:04  Overlord x2  
  70  5:09  Overlord  
  69  5:22  Roach x7  
  83  5:30  Roach x2  
  87  5:37  Roach x3  
  93  5:44  Zergling x14  
  93  5:48  Overlord  
  99  5:55  Ravager x4  
  99  5:56  Zergling x8  
  105  6:04  Zergling x8  
  103  6:09  Ravager  
  103  6:10  Ravager  
  103  6:11  Queen x2  
  103  6:12  Zergling x2  
  108  6:23  Ravager  
  108  6:24  Zergling x2  
  108  6:25  Zergling x14  
  110  6:45  Roach x3  
  104  6:48  Zergling x20  
  116  7:00  Ravager x2  
  116  7:01  Ravager  
Tags
 
Add a new tag
Caveats
  • Supply blocks, unpowered buildings, or Contaminate may cause inaccurate times.
  • Supply counts are checked every 10 seconds.